 Dungeon Crawl Stone Soup version 0.32-a0-35-gd9ff480968 (webtiles) character file.

Game seed: 2772997678988288451

48 IdlyInterested the Trooper (level 3, -1/30 HPs)
             Began as a Demonspawn Fighter on Jan 22, 2024.
             Slain by Crazy Yiuf
             ... wielding a +4 quarterstaff of chaos
              (12 damage)
             ... on level 2 of the Dungeon.
             The game lasted 00:03:34 (1419 turns).

IdlyInterested the Trooper (Demonspawn Fighter)     Turns: 1419, Time: 00:03:34

Health: -1/30      AC:  6    Str: 18    XL:     3   Next: 50%
Magic:  1/3        EV:  9    Int:  8    God:
Gold:   64         SH:  4    Dex: 12    Spells: 2/2 levels left

rFire   . . .        a - +0 war axe
rCold   . . .        c - +0 buckler
rNeg    . . .        b - +0 scale mail
rPois   .            (no helmet)
rElec   .            (no cloak)
rCorr   .            (no gloves)
SInv    .            (no boots)
Will    .....        (no amulet) Stlth
                     (no ring)
HPRegen 0.25/turn    (no ring)
MPRegen 0.08/turn

%: no passive effects
@: no status effects
A: demonic guardian 1
a: no special abilities


You were on level 2 of the Dungeon.
You visited 1 branch of the dungeon, and saw 2 of its levels.

You collected 64 gold pieces.

Inventory:

Hand Weapons
 a - a +0 war axe (weapon)
 l - a +0 short sword of speed
 n - a +0 flail
Missiles
 g - 10 stones (quivered)
 k - 2 boomerangs
 m - 2 throwing nets
Armour
 b - a +0 scale mail (worn)
 c - a +0 buckler (worn)
Scrolls
 e - 3 scrolls of identify
 f - a scroll of poison {unknown}
 h - a scroll of enchant weapon
 j - 2 scrolls of fear
Potions
 d - 2 potions of might
 i - 2 potions of haste {unknown}


   Skills:
 + Level 3.7 Fighting
 - Level 2.0 Axes
 - Level 1.0 Throwing
 - Level 3.0 Armour
 - Level 1.0 Dodging
 * Level 0.1 Stealth
 - Level 2.6 Shields


You had 2 spell levels left.
You didn't know any spells.
Your spell library contained the following spells:

 Spells                   Type           Power      Damage    Failure   Level
 Sandblast                Erth           0%         2d4       87%         1
 Passwall                 Erth           0%         N/A       99%         3
 Stone Arrow              Conj/Erth      0%         3d7       99%         3
 Brom's Barrelling Bould  Conj/Erth      0%         2d3       100%        4


Dungeon Overview and Level Annotations

Branches:
Dungeon (2/15)

Altars:
Wu Jian

Annotations:
D:2 Crazy Yiuf


Innate Abilities, Weirdness & Mutations

A weak demonic guardian rushes to your aid.


Message History

You drop a +0 mace.
HP restored.
You now have 64 gold pieces (gained 17).
f - a scroll labelled XETSYA HA XEURR You open the large door.
There is a large open door here.
A rat comes into view.
The rat squeaks loudly.
You hear an angry hiss.
The rat moves out of view.
A frilled lizard comes into view.
The rat bites you but does no damage.
You slash the rat!
You kill the rat!
You see here a rat corpse.
You closely miss the frilled lizard. The frilled lizard barely misses you.
You hit the frilled lizard but do no damage.
You block the frilled lizard's attack.
You slash the frilled lizard!
You kill the frilled lizard!
You see here a frilled lizard corpse.
g - 10 stones (gained 4) Crazy Yiuf shouts!
Crazy Yiuf whimpers, "Fire sallow snockshim!"
You open the door. You barely miss Crazy Yiuf. Crazy Yiuf barely misses you.
You slash Crazy Yiuf!
Crazy Yiuf is heavily wounded.
Crazy Yiuf hits you with a +4 quarterstaff of chaos!
A demonic guardian appears!
Crazy Yiuf burns you.
Crazy Yiuf flaps his cloak.
Crazy Yiuf barely misses you.
You hit Crazy Yiuf but do no damage.
Crazy Yiuf is heavily wounded.
Crazy Yiuf hits you with a +4 quarterstaff of chaos!
You feel your power leaking away.
Your iron imp hits Crazy Yiuf.
You hit Crazy Yiuf.
Crazy Yiuf is almost dead.
Crazy Yiuf hits you with a +4 quarterstaff of chaos!
You die...

#.)..####.######..#
#)#...........##..# #####
#.#######.###.##..# #...#
#......#### ####### ###....
#..##### ##...... #..#
#....... #..##### ###
♣♣###....... #..##..# #).5#♣♣
♣♣..#..##...# #..##.##
#...g@♣♣♣♣......##.... #..##.#
#...#♣..♣......>#.....
#..##.## ### ♣♣♣.♣...##.#..._.
#......# ♣♣♣♣♣###.#.....
##.##.## #.#...... #.##.# ###
######..... #.##.# #.#
#.#.#...... #.##.#######.#
####.##.#.....
#.##.........####.##.##.##...#


You could see Crazy Yiuf (ally target) and a friendly iron imp (summoned).

Vanquished Creatures
  A gnoll (D:2)
  An endoplasm (D:2)
  3 giant cockroaches (D:1)
  6 goblins
  5 hobgoblins
  3 jackals (D:2)
  A quokka (D:2)
  4 ball pythons
  A bat (D:1)
  4 frilled lizards
  3 kobolds
  5 rats
37 creatures vanquished.

Notes
Turn   | Place    | Note
-------+----------+-------------------------------------------
     0 | D:1      | IdlyInterested the Demonspawn Fighter began the quest for
                  | the Orb.
     0 | D:1      | Reached XP level 1. HP: 18/18 MP: 1/1
   303 | D:1      | Gained mutation: A weak demonic guardian rushes to your
                  | aid. [demonic ancestry]
   303 | D:1      | Reached XP level 2. HP: 23/24 MP: 2/2
   774 | D:2      | Reached skill level 1 in Throwing
   795 | D:2      | Found an ornate altar of the Wu Jian Council.
   841 | D:2      | Found a runed translucent door.
   842 | D:2      | Noticed Crazy Yiuf
  1030 | D:2      | Reached XP level 3. HP: 28/29 MP: 3/3
  1193 | D:2      | Reached skill level 1 in Dodging
  1419 | D:2      | Slain by Crazy Yiuf

Illustrated notes

Levels and vault maps discovered:
D:1:      dpeg_cavernosity, layout_rooms
D:2:      layout_loops_ring, basic_altar, kennysheep_generic_room_7,
          uniq_crazy_yiuf_cottage

Skill      XL: |  1  2  3 |
---------------+----------+-----
Axes           | 2 |  2.0
Armour         | 3 |  3.0
Throwing       | 1 |  1.0
Dodging        | 1 |  1.0
Fighting       | |  3.7
Stealth        | |  0.1
Shields        | |  2.6

Action                     || total
---------------------------++-------
  Melee: War axe           ||    98
    Use: Scroll            ||     2
 Armour: Scale mail        ||    75
  Dodge: Dodged            ||    52
  Block: Buckler           ||    18

Table legend: (Time is in decaauts)
 A = Elapsed time spent in this place.
 B = Non-inter-level travel time spent in this place.
 C = Inter-level travel time spent in this place.
 D = Time resting spent in this place.
 E = Time spent auto-exploring this place.
 F = Levels seen in this place.
 G = Mean time per level.
                   A        B        C        D        E       F      G
               +--------+--------+--------+--------+--------+-----+--------+
         Total |   1462 |   1208 |    254 |     29 |    860 |   2 |  731.0 |
       Dungeon |   1462 |   1208 |    254 |     29 |    860 |   2 |  731.0 |
               +--------+--------+--------+--------+--------+-----+--------+

Top non-repeatable levels by time:
     D:2: 787 daAuts
     D:1: 675 daAuts
